AoeStats
← Blin4ik

Nomad

504458278Analyzed
4v4 RM · 28d ago on Sep 5, 2026· 38m 52s· 8 players
Game mode
Random Map
Map size
231×231
Population
200
Speed
Normal
Resources
Standard
Victory
Conquest
Starting age
Dark Age
Ending age
Imperial Age
RankedLock teamsTeams togetherTeam positionsShared explorationLock speedFull tech treeHidden civsTurbo modeCheats
Victory
Defeat
🇺🇸 Berbers · United States
1350
+6
🇨🇳 Dravidians · China
1140
+14
🇳🇱 Bohemians · Netherlands
1103
+15
🇨🇳 Huns · China
875
+23
🇳🇴 Persians · Norway
1102
-15
🇷🇺 Huns · Russia
1091
-15
🇷🇺 Spanish · Russia
1074
-14
🇹🇷 Japanese · Türkiye
1071
-28
PIGGI A MAND!!!
3:31 Loom
16:31 Feudal Age
17:03 Double-Bit Axe
21:33 Castle Age
20:11 Horse Collar
20:29 Stone Mining
26:30 Gold Mining
26:27 Pikeman
36:18 Wheelbarrow
36:10 Town Watch
sybertuk
7:14 Loom
15:05 Feudal Age
20:02 Castle Age
18:56 Double-Bit Axe
18:53 Horse Collar
21:07 Medium Warships
22:44 Medium Warships
27:46 Bloodlines
28:45 Husbandry
34:48 Wheelbarrow
33:59 Town Watch
34:39 Scale Barding Armor
34:25 Fletching
Blin4ik
14:56 Feudal Age
15:22 Double-Bit Axe
15:19 Horse Collar
25:00 Castle Age
22:58 Stone Mining
25:12 Wheelbarrow
26:16 Fletching
26:36 Heavy Plow
26:48 Bow Saw
28:41 Bloodlines
30:24 Forging
30:53 Gold Mining
31:58 Iron Casting
33:50 Hand Cart
34:14 Gold Shaft Mining
36:12 Squires
Archora
5:04 Loom
14:28 Feudal Age
20:42 Horse Collar
21:11 Fletching
22:16 Wheelbarrow
22:21 Forging
22:12 Scale Mail Armor
28:57 Castle Age
33:42 Imperial Age
31:58 Yasama
33:08 Guard Tower
33:40 Ballistics
33:18 Double-Bit Axe
33:28 Gold Mining
33:30 Stone Mining
34:47 Kataparuto
35:37 Conscription
36:20 Bow Saw
37:42 Pikeman
38:22 Squires
38:08 Arson
Hola Conchita
4:30 Loom
12:48 Feudal Age
13:38 Double-Bit Axe
18:39 Castle Age
17:22 Fishing Lines
20:39 Bow Saw
20:25 Fletching
21:54 Wheelbarrow
23:01 Medium Warships
28:17 Horse Collar
32:56 Imperial Age
32:50 Chemistry
32:32 Heavy Plow
33:02 Murder Holes
34:12 Conscription
34:59 Padded Archer Armor
35:07 Bodkin Arrow
35:37 Ballistics
36:19 Bracer
38:59 Wagenburg Tactics
一把葱
4:32 Loom
15:39 Feudal Age
16:59 Fishing Lines
19:11 Fletching
23:20 Wheelbarrow
25:54 Castle Age
23:46 Double-Bit Axe
24:15 Horse Collar
36:25 Gambesons
铁蹄铮铮
14:26 Feudal Age
17:44 Bloodlines
19:57 Castle Age
25:37 Double-Bit Axe
27:42 Husbandry
28:47 Bloodlines
29:29 Horse Collar
30:24 Bow Saw
32:49 Pikeman
33:29 Squires
34:34 Wheelbarrow
37:15 Hand Cart
37:04 Heavy Plow
37:24 Gold Mining
40:53 Imperial Age
抖音帝国时代dmv
5:02 Loom
13:52 Feudal Age
17:40 Castle Age
16:43 Double-Bit Axe
16:55 Fishing Lines
19:35 Wheelbarrow
20:41 Bow Saw
20:45 Gillnets
21:17 Horse Collar
22:25 Medium Warships
22:45 Gold Mining
23:08 Town Watch
27:07 Gold Shaft Mining
27:07 Hand Cart
31:11 Imperial Age
29:14 Fletching
29:24 Padded Archer Armor
30:47 Stone Mining
32:04 Stone Shaft Mining
31:37 Bodkin Arrow
31:57 Leather Archer Armor
32:11 Ballistics
32:31 Conscription
32:42 Bracer
34:26 Chemistry
33:09 Treadmill Crane
33:14 Elite Camel Archer
35:12 Ring Archer Armor
36:05 Maghrebi Camels
37:02 Heavy Plow
37:32 Scale Barding Armor
37:37 Forging
37:43 Husbandry
37:53 Bloodlines
37:54 Thumb Ring
38:27 Kasbah
Connection lost

Rejoining the realm…

Still unreachable

The connection could not be restored.

Session expired

The server has moved on; the page needs a fresh start.